 Dungeon Crawl Stone Soup version 0.29.1-2-gbd0b4ee654 (webtiles) character file.

Game seed: 1648155646688546209

2937 avis the Cleaver (level 9, -17/126 HPs)
             Began as a Hill Orc Monk on Oct 29, 2022.
             Was a Priest of Beogh.
             Demolished by a vault guard
             ... wielding a +0 broad axe
              (21 damage)
             ... in a bailey.
             The game lasted 00:46:40 (7987 turns).

avis the Cleaver (Hill Orc Monk)                    Turns: 7987, Time: 00:46:40

Health: -17/126    AC: 11    Str: 18    XL:     9   Next: 80%
Magic:  9/9        EV:  7    Int: 10    God:    Beogh [***...]
Gold:   201        SH:  9    Dex: 13    Spells: 8/8 levels left

rFire   . . .      SeeInvis .   a - +0 war axe
rCold   . . .      Faith    .   x - +0 buckler
rNeg    . . .      Spirit   .   C - +0 chain mail
rPois   +          Reflect  +   (no helmet)
rElec   .          Harm     .   m - +0 cloak {rPois}
rCorr   .          Rampage  .   (no gloves)
Will    +....                   M - +0 pair of boots
Stlth   ..........              z - amulet of reflection
HPRegen 0.31/turn               l - ring of willpower
MPRegen 0.11/turn               (no ring)

@: berserking, very quick
A: no striking features
a: Renounce Religion, Smiting


You were in a bailey.
You worshipped Beogh.
Beogh was most pleased with you.
You visited 2 branches of the dungeon, and saw 8 of its levels.
You also visited: Bailey.

You collected 376 gold pieces.
You spent 175 gold pieces at shops.

Inventory:

Hand Weapons
 a - a +0 war axe (weapon)
 b - a +0 sling
 i - a +0 spear
 p - a +0 spear
 q - a +0 shortbow
 w - a +0 vorpal flail
 L - a +0 vorpal hand axe
Missiles
 A - 21 poisoned darts
 K - 7 boomerangs (quivered)
Armour
 m - a +0 cloak of poison resistance (worn)
 u - a +0 chain mail
 x - a +0 buckler (worn)
 C - a +0 chain mail (worn)
 M - a +0 pair of boots (worn)
Magical Staves
 s - a staff of death
 H - a staff of poison
Jewellery
 l - a ring of willpower (left hand)
 z - an amulet of reflection (around neck)
Wands
 F - a wand of flame (17)
 I - a wand of paralysis (7)
Scrolls
 f - 6 scrolls of teleportation
 h - 3 scrolls of enchant armour {unknown}
 k - 3 scrolls of vulnerability {unknown}
 t - 3 scrolls of immolation {unknown}
 v - a scroll of identify
 y - 2 scrolls of noise {unknown}
 B - 2 scrolls of poison {unknown}
 E - a scroll of butterflies {unknown}
 O - a scroll of blinking {unknown}
 P - a scroll of brand weapon {unknown}
Potions
 c - 2 potions of ambrosia
 d - 2 potions of resistance
 e - a potion of might
 j - 4 potions of mutation
 o - a potion of brilliance {unknown}
 r - a potion of cancellation {unknown}
 D - 2 potions of curing
 G - a potion of haste {unknown}
 J - 2 potions of attraction {unknown}


   Skills:
 + Level 9.4 Fighting
 * Level 13.4 Axes
 - Level 4.0 Armour
 - Level 2.4 Dodging
 - Level 1.5 Stealth
 - Level 3.0 Shields


You had 8 spell levels left.
You didn't know any spells.
Your spell library was empty.

Dungeon Overview and Level Annotations

Branches:
Dungeon (7/15)             Temple (1/1) D:5          Bailey (1/1)

Altars:
Ashenzari
Cheibriados
Dithmenos
Elyvilon
Fedhas
Hepliaklqana
Kikubaaqudgha
Makhleb
Nemelex Xobeh
Ru
Sif Muna
Trog
Vehumet
Wu Jian
Yredelemnul
Zin
The Shining One

Shops:
D:2 (:*   D:6 [   D:7 *


Message History

The human hits you with a +4 vorpal hand axe!
* * * LOW HITPOINT WARNING * * *
x2 A red film seems to cover your vision as you go berserk!
You feel yourself moving faster!
You feel mighty!
The vault guard hits you but does no damage.
You block the human's attack.
You barely miss the vault guard.
The vault guard is moderately wounded.
You closely miss the human. You barely miss the vault guard.
The vault guard is moderately wounded.
You slash the human!
You kill the human!
Beogh accepts your kill.
The vault guard hits you with a +0 broad axe!!
* * * LOW HITPOINT WARNING * * *
You slice the vault guard!!
The vault guard is heavily wounded.
You hit the vault guard but do no damage.
The vault guard is heavily wounded.
The vault guard hits you but does no damage.
You slash the vault guard!
The vault guard is heavily wounded.
You barely miss the vault guard.
The vault guard is heavily wounded.
The vault guard splashes around in the water.
You hit the vault guard.
The vault guard is severely wounded.
You block the vault guard's attack.
You closely miss the vault guard.
The vault guard is severely wounded.
You slash the vault guard!
The vault guard is severely wounded.
You block the vault guard's attack.
You closely miss the vault guard.
The vault guard is severely wounded.
You slash the vault guard!
The vault guard is almost dead.
The vault guard hits you with a +0 broad axe!!
You die...

#+#'#..)†..##
#.)..#....#
#)).####..#
#...#.....#
#...#.....#
##..###'###
'..#≈..~≈#
.####≈)†~≈#
#≈@)≈##
#≈~≈≈p)~≈#
#≈~~~..~≈#
#≈~~~...~≈#
#≈~~~~~..~≈
#≈~~~....~≈#
#≈~~~~~...~≈
#≈~~~~.~..~~≈


You could see a vault guard.

Vanquished Creatures
  A wraith (D:5)
  Eustachio (D:4)
  4 humans (Bailey)
  2 ice beasts
  3 ogres
  A centaur (D:6)
  3 bullfrogs
  4 scorpions
  4 hounds
  4 jellies
  Natasha (thrice) (D:4)
  Ijyb (D:4)
  2 iguanas (D:5)
  An orc wizard (D:3)
  10 gnolls
  10 adders
  A shadow imp (D:6)
  A white imp (D:5)
  3 ufetubi
  2 worms
  3 dart slugs
  10 orcs
  4 bats
  10 endoplasms
  2 giant cockroaches (D:1)
  15 goblins
  12 hobgoblins
  9 jackals
  6 kobolds
  2 quokkas (D:1)
  5 ball pythons
  4 frilled lizards
  10 rats
153 creatures vanquished.

Vanquished Creatures (collateral kills)
  Prince Ribbit (Bailey)
  A sky beast (D:7)
  3 bullfrogs (Bailey)
  A howler monkey (D:6)
  2 hounds (D:6)
8 creatures vanquished.

Vanquished Creatures (others)
  An orc warrior (Bailey)
  An orc priest (D:3)
  3 orcs
5 creatures vanquished.

Grand Total: 166 creatures vanquished

Notes
Turn   | Place    | Note
-------+----------+-------------------------------------------
     0 | D:1      | avis the Hill Orc Monk began the quest for the Orb.
     0 | D:1      | Reached XP level 1. HP: 19/19 MP: 1/1
    73 | D:1      | Reached XP level 2. HP: 26/27 MP: 2/2
   128 | D:1      | Found a faded altar of an unknown god.
   420 | D:1      | Reached skill level 5 in Axes
   476 | D:1      | Reached XP level 3. HP: 32/33 MP: 3/3
  1232 | D:2      | Found Pixit's General Store.
  1262 | D:2      | Bought a +0 cloak of poison resistance for 110 gold pieces
  1262 | D:2      | Bought a potion of heal wounds for 65 gold pieces
  1460 | D:2      | Reached XP level 4. HP: 41/41 MP: 4/4
  1480 | D:2      | Reached skill level 1 in Armour
  1857 | D:2      | Found Waih's Antique Weapon Boutique.
  2027 | D:2      | Found Doimor's Book Shoppe.
  2173 | D:2      | Reached skill level 6 in Axes
  2189 | D:2      | Reached XP level 5. HP: 17/47 MP: 5/5
  3037 | D:3      | Found a sacrificial altar of Ru.
  3037 | D:3      | Found a glowing golden altar of the Shining One.
  3218 | D:3      | Became a worshipper of Beogh the Brigand
  3218 | D:3      | Reached * piety under Beogh
  3218 | D:3      | Reached ** piety under Beogh
  3492 | D:4      | Noticed an ogre
  3559 | D:3      | Killed an ogre
  3560 | D:3      | Reached skill level 5 in Fighting
  3750 | D:4      | Reached skill level 7 in Axes
  3750 | D:4      | Reached skill level 1 in Shields
  3750 | D:4      | Reached XP level 6. HP: 56/56 MP: 6/6
  4012 | D:4      | Noticed Natasha
  4017 | D:4      | Killed Natasha
  4180 | D:4      | Noticed an ice beast
  4198 | D:4      | Killed an ice beast
  4199 | D:4      | Reached XP level 7. HP: 47/62 MP: 7/7
  4278 | D:4      | Noticed Eustachio
  4297 | D:4      | Killed Eustachio
  4298 | D:4      | Reached skill level 8 in Axes
  4381 | D:4      | Noticed Ijyb
  4382 | D:4      | Paralysed by Ijyb for 2 turns
  4396 | D:4      | Killed Ijyb
  4484 | D:4      | Noticed Natasha
  4490 | D:4      | Killed Natasha
  4915 | D:5      | Entered Level 5 of the Dungeon
  5024 | D:5      | Found a staircase to the Ecumenical Temple.
  5199 | D:5      | Reached skill level 9 in Axes
  5338 | D:5      | Reached XP level 8. HP: 71/71 MP: 8/8
  5415 | D:5      | Noticed a wraith
  5543 | D:5      | Killed a wraith
  5544 | D:5      | Reached skill level 10 in Axes
  5890 | Temple   | Entered the Ecumenical Temple
  6179 | D:4      | Noticed Natasha
  6189 | D:4      | Killed Natasha
  6342 | D:5      | Reached skill level 11 in Axes
  6757 | D:6      | Found Qenausyck's Armour Shop.
  6988 | D:6      | Reached XP level 9. HP: 57/81 MP: 9/9
  6988 | D:6      | Reached *** piety under Beogh
  7145 | D:6      | Found a radiant altar of Vehumet.
  7289 | D:6      | Found an ancient bone altar of Kikubaaqudgha.
  7395 | D:7      | Found Asatwo's General Store.
  7405 | D:7      | Reached skill level 12 in Axes
  7482 | D:7      | Found an ornate altar of the Wu Jian Council.
  7619 | D:7      | Found a flagged portal.
  7640 | Bailey   | Entered a bailey
  7956 | Bailey   | Noticed Prince Ribbit
  7958 | Bailey   | Noticed a vault guard
  7963 | Bailey   | Killed Prince Ribbit
  7964 | Bailey   | Reached skill level 13 in Axes
  7978 | Bailey   | HP: 2/124 [vault guard/+0 broad axe (18)]
  7987 | Bailey   | Demolished by a vault guard

Illustrated notes

Levels and vault maps discovered:
D:1:      eino_arrival_tree_alley, layout_loops_ring,
          chequers_ecumenical_altar_simple, serial_forest,
          infiniplex_forest_clump_cross, infiniplex_forest_clump_diagonal,
          infiniplex_forest_lined_room_2, infiniplex_forest_zigzag_2,
          infiniplex_forest_lined_room_2, infiniplex_forest_straight_4
D:2:      layout_basic, serial_shops, nicolae_diamond_shop, shop, shop_coins,
          chequers_serial_rivers_micro_c, minmay_goblin_outpost
D:3:      layout_loops_ring, mainiacjoe_overflow_divided_tiny
D:4:      layout_loops_ring, grunt_decor_fettered, uniq_eustachio, uniq_ijyb,
          uniq_natasha
D:5:      layout_layer_cave, minmay_temple_entry_grid, minmay_misc_feat_pillars
D:6:      layout_basic, kennysheep_mini, mainiacjoe_overflow_tiny_flanked,
          serial_shops, shop
D:7:      old_forge, layout_loops_ring, mainiacjoe_overflow_boulevard,
          grunt_gozag_breadcrumbs, enter_bailey_4, serial_shops,
          nicolae_shop_trees
Temple:   hellmonk_temple_flake
Bailey:   bailey_axe_froggy_fort_hellmonk, bailey

Skill      XL: |  1  2  3  4  5  6  7  8  9 |
---------------+----------------------------+-----
Fighting       | 4 5 6 8 9 |  9.4
Axes           | 5 6 7 9 11 13 | 13.4
Armour         | 1 2 3 4 |  4.0
Shields        | 1 2 3 |  3.0
Dodging        | |  2.4
Stealth        | |  1.5

Action                   |  1- 3 |  4- 6 |  7- 9 || total
-------------------------+-------+-------+-------++-------
Melee: Hand axe          |   144 |    69 |       ||   213
       Punch             |     2 |       |       ||     2
       War axe           |       |    74 |   271 ||   345
 Fire: Sling             |       |    61 |    46 ||   107
Throw: Dart              |       |     3 |       ||     3
Invok: Convert to Beogh  |       |     1 |       ||     1
  Use: Scroll            |       |       |     6 ||     6
       Potion            |       |       |     4 ||     4
 Stab: Sleeping          |     1 |       |       ||     1
       Distracted        |       |       |     1 ||     1
Armor: Robe              |    25 |       |       ||    25
       Chain mail        |    24 |   104 |   128 ||   256
Dodge: Dodged            |    67 |    57 |    87 ||   211
Block: Buckler           |       |    27 |   111 ||   138
       Reflection        |       |     1 |       ||     1
